 Dungeon Crawl Stone Soup version 0.30-a0-578-gdee14c521f (webtiles) character file.

Game seed: 3572781021883280263

506 wormed the Shield-Bearer (level 7, 0/82 HPs)
             Began as a Formicid Fighter on Dec 31, 2022.
             Was an Initiate of Yredelemnul.
             Slain by Duvessa
             ... wielding a +0 short sword
              (2 damage)
             ... on level 4 of the Dungeon.
             The game lasted 00:06:28 (3323 turns).

wormed the Shield-Bearer (Formicid Fighter)         Turns: 3323, Time: 00:06:28

Health: 0/82       AC: 23    Str: 22    XL:     7   Next: 41%
Magic:  6/7        EV:  2    Int:  8    God:    Yredelemnul [......]
Gold:   242        SH:  5    Dex: 13    Spells: 6/6 levels left

rFire   . . .      SeeInvis .    a - +0 war axe
rCold   . . .      Faith    .    c - +0 buckler
rNeg    . . .      Spirit   .    (body armour currently unavailable)
rPois   +          Reflect  .    (helmet unavailable)
rElec   .          Harm     .    (cloak currently unavailable)
rCorr   .          Rampage  .    (gloves currently unavailable)
Will    .....                    (boots currently unavailable)
Stlth   +                        (no amulet)
HPRegen 0.33/turn                o - +5 ring of evasion
MPRegen 0.10/turn                (no ring)

@: mighty, lethally poisoned (0 -> -7), tree-form
A: stationary, stasis, torment immunity, boosted hp, permanent stasis, dig
shafts and tunnels, (antennae 3), four strong arms
a: Renounce Religion, Recall Undead Harvest


You were on level 4 of the Dungeon.
You worshipped Yredelemnul.
Yredelemnul was noncommittal.
You were a tree.
You visited 1 branch of the dungeon, and saw 4 of its levels.

You collected 242 gold pieces.

Inventory:

Hand Weapons
 a - a +0 war axe (weapon)
Armour
 b - a +0 scale mail (melded)
 c - a +0 buckler (worn)
 r - a +0 pair of gloves (melded)
Jewellery
 o - a +5 ring of evasion (left branch)
 u - a ring of ice
Scrolls
 e - a scroll of enchant weapon {unknown}
 h - 2 scrolls of blinking {unknown}
 i - a scroll of summoning {unknown}
 j - a scroll of vulnerability {unknown}
 k - 2 scrolls of fear {unknown}
 l - 4 scrolls of teleportation {unknown}
 m - 4 scrolls of identify {unknown}
 q - a scroll of magic mapping {unknown}
 s - a scroll of enchant armour {unknown}
 t - a scroll of acquirement {unknown}
 w - a scroll of noise {unknown}
Potions
 d - a potion of might
 f - 2 potions of brilliance {unknown}
 g - 4 potions of mutation {unknown}
 n - a potion of heal wounds {unknown}
 p - 2 potions of flight {unknown}
 v - a potion of attraction {unknown}


   Skills:
 + Level 4.8 Fighting
 * Level 5.0 Axes
 + Level 4.9 Armour
 + Level 5.8 Shields


You had 6 spell levels left.
You didn't know any spells.
Your spell library contained the following spells:

 Spells                   Type           Power      Damage    Failure   Level
 Gell's Gravitas          Tloc           0%         N/A       83%         3
 Lesser Beckoning         Tloc           0%         N/A       83%         3
 Ozocubu's Armour         Ice            0%         N/A       83%         3
 Teleport Other           Tloc           0%         N/A       83%         3
 Blade Hands              Tmut           0%         N/A       100%        5
 Irradiate                Conj/Tmut      0%         3d11      100%        5
 Dragon Form              Tmut           0%         N/A       100%        7
 Ozocubu's Refrigeration  Ice            0%         4d7       100%        7


Dungeon Overview and Level Annotations

Branches:
Dungeon (4/15)
 Temple: D:4-7

Altars:
Dithmenos
Ru
Yredelemnul

Shops:
D:3 *

Annotations:
D:4 2 transporters, 4 runed translucent doors, Dowan; Duvessa; bmack86's ghost, amateur MiFi


Innate Abilities, Weirdness & Mutations

You are a tree.
Your roots penetrate the ground, keeping you stationary.
You cannot be teleported.
You are immune to unholy pain and torment.
Your maximum health is greatly increased.
Your equipment is partially melded.
You cannot be hasted, slowed, berserked, paralysed or teleported.
You can dig through walls and to a lower floor.
((You have a pair of large antennae on your head. (SInv)))
Your four strong arms can wield two-handed weapons with a shield.


Message History

You hit Duvessa.
Duvessa is severely wounded.
You hit Dowan.
Your orc zombie hits Duvessa but does no damage.
Duvessa completely misses you.
Dowan zaps a wand.
You turn into a tree.
Your +0 pair of gloves melds into your body.
Your +0 scale mail melds into your body.
Your roots penetrate the ground.
Your orc zombie closely misses Duvessa.
You hit Duvessa.
Duvessa is severely wounded.
You barely miss Dowan. You block Duvessa's attack. You block Dowan's attack.
Your orc zombie hits Duvessa but does no damage.
You hit Duvessa but do no damage.
Duvessa is severely wounded.
You hit Dowan but do no damage. Duvessa hits you with a +0 short sword.
* * * LOW HITPOINT WARNING * * *
Dowan hits you but does no damage.
Your orc zombie barely misses Duvessa.
Duvessa hits you with a +0 short sword.
* * * LOW HITPOINT WARNING * * *
Dowan hits you but does no damage.
You are poisoned.
You closely miss Duvessa.
Duvessa is severely wounded.
You closely miss Dowan.
You feel sick. You block Duvessa's attack.
Dowan says, "Magic and the sword, together, will defeat you."
Dowan completely misses you.
Your orc zombie barely misses Duvessa.
You feel very mighty all of a sudden.
You feel sick. Duvessa hits you with a +0 short sword.
* * * LOW HITPOINT WARNING * * *
Dowan hits you but does no damage.
You are lethally poisoned!
Your orc zombie barely misses Duvessa.
You barely miss Duvessa.
Duvessa is severely wounded.
You miss Dowan.
* * * LOW HITPOINT WARNING * * *
You feel very sick. Duvessa hits you with a +0 short sword.
You die...
Your body rises from the dead as a mindless zombie.

#{#..###+# '###...#
#{##.....######.....#.#
#{#####.##8))8##.####.#
{.# #.#8....8#.###..#
e..####.+......+.##..##
e.....#.+...{..+.#..##
#####...#8....8#.#.##
{{#...##8}:8##Z).#
#....######e♣e##
#...........#.##
#...##....####.##
#......)### ##.#
#####.###.##Z## ##.##
......###.###Z###.##
.####Z....# #ZZ#..#
......##### #Z#.#.#
#####Z# #Z###.#


You could see Duvessa (ally target), Dowan and a friendly orc zombie.

Vanquished Creatures
  An ogre (D:4)
  A scorpion (D:3)
  A howler monkey (D:4)
  2 jellies (D:4)
  Natasha (thrice) (D:2)
  3 gnolls (D:2)
  2 adders
  3 dart slugs
  14 orcs
  8 ball pythons
  6 endoplasms
  6 giant cockroaches
  7 hobgoblins
  9 kobolds
  5 quokkas
  3 bats
  5 frilled lizards
  5 goblins
  A rat (D:1)
85 creatures vanquished.

Vanquished Creatures (collateral kills)
  An orc wizard (D:4)
  5 orcs (D:3)
  An endoplasm (D:3)
  A goblin (D:3)
  A hobgoblin (D:3)
  A quokka (D:3)
  A kobold (D:3)
  A rat (D:2)
12 creatures vanquished.

Vanquished Creatures (others)
  A howler monkey zombie (D:4)
  A gnoll zombie (D:2)
  3 ball python zombies
  An endoplasm zombie (D:4)
  3 giant cockroach zombies
  A goblin zombie (D:4)
  A hobgoblin zombie (D:4)
  A kobold zombie (D:4)
  5 orc zombies
  A quokka zombie (D:4)
  6 plants (D:4)
  2 withered plants (D:3)
26 creatures vanquished.

Grand Total: 123 creatures vanquished

Notes
Turn   | Place    | Note
-------+----------+-------------------------------------------
     0 | D:1      | wormed the Formicid Fighter began the quest for the Orb.
     0 | D:1      | Reached XP level 1. HP: 18/18 MP: 1/1
    92 | D:1      | Found a faded altar of an unknown god.
   120 | D:1      | Reached XP level 2. HP: 24/24 MP: 2/2
   430 | D:1      | Reached XP level 3. HP: 27/29 MP: 3/3
   735 | D:1      | Prayed at the altar of an unknown god.
   735 | D:1      | Became a worshipper of Yredelemnul the Dark
   735 | D:1      | Reached * piety under Yredelemnul
   785 | D:2      | Reached XP level 4. HP: 24/37 MP: 4/4
  1109 | D:2      | Reached ** piety under Yredelemnul
  1274 | D:2      | Noticed Natasha
  1281 | D:2      | Killed Natasha
  1366 | D:2      | Reached XP level 5. HP: 40/42 MP: 5/5
  1479 | D:2      | Noticed Natasha
  1483 | D:2      | Killed Natasha
  1508 | D:2      | Noticed Natasha
  1521 | D:2      | Killed Natasha
  1698 | D:3      | Found a basalt altar of Yredelemnul.
  1711 | D:3      | Reached skill level 5 in Shields
  1711 | D:3      | Reached XP level 6. HP: 44/48 MP: 6/6
  1972 | D:3      | Found Xycwikug's General Store.
  2194 | D:3      | Found a shadowy altar of Dithmenos.
  2548 | D:4      | Found a sacrificial altar of Ru.
  2624 | D:4      | Noticed an ogre
  2638 | D:4      | Killed an ogre
  2639 | D:4      | Reached XP level 7. HP: 38/55 MP: 7/7
  2880 | D:4      | Found a transporter.
  2886 | D:4      | Found a transporter.
  2889 | D:4      | Noticed bmack86's ghost (amateur MiFi)
  2996 | D:4      | Found a large runed translucent door.
  2997 | D:4      | Found a large runed translucent door.
  3000 | D:4      | Found a large runed translucent door.
  3001 | D:4      | Found a large runed translucent door.
  3112 | D:4      | Reached skill level 5 in Axes
  3263 | D:4      | Noticed Dowan
  3264 | D:4      | Noticed Duvessa
  3323 | D:4      | HP: 2/82 [poisoned by Dowan]
  3323 | D:4      | Slain by Duvessa

Illustrated notes

Levels and vault maps discovered:
D:1:      dpeg_arrival_renting, layout_rooms,
          hellmonk_ecumenical_altar_lost_god, minmay_misc_feat_roman,
          kennysheep_boxes
D:2:      layout_loops_ring, chequers_mini_garden, uniq_natasha
D:3:      layout_rooms, yredelemnul_altar_generic, mainiacjoe_overflow_alcove_4,
          serial_shops, shop, hangedman_feature_mirror, minmay_surrounded
D:4:      dreamdust_elfheim, layout_loops_ring, kennysheep_little_box,
          gammafunk_ghost_gnarly_gnolls, minmay_hollow_rounded_squares

Skill      XL: |  1  2  3  4  5  6  7 |
---------------+----------------------+-----
Axes           | 3 4 5 |  5.0
Fighting       | 4 |  4.8
Armour         | 4 |  4.9
Shields        | 5 |  5.8

Action                   |  1- 3 |  4- 6 |  7- 9 || total
-------------------------+-------+-------+-------++-------
Melee: War axe           |    57 |   120 |    76 ||   253
Invok: Recall Undead Har |       |     1 |     1 ||     2
       Dark Bargain      |       |     1 |       ||     1
 Abil: Dig               |       |     1 |       ||     1
  Use: Potion            |       |       |     1 ||     1
 Stab: Distracted        |       |     1 |     2 ||     3
Armor: Scale mail        |    23 |    40 |    15 ||    78
       Skin              |       |       |     8 ||     8
Dodge: Dodged            |    37 |    89 |    34 ||   160
Block: Buckler           |    16 |    31 |    31 ||    78

Table legend: (Time is in decaauts)
 A = Elapsed time spent in this place.
 B = Non-inter-level travel time spent in this place.
 C = Inter-level travel time spent in this place.
 D = Time resting spent in this place.
 E = Time spent auto-exploring this place.
 F = Levels seen in this place.
 G = Mean time per level.
                   A        B        C        D        E       F      G
               +--------+--------+--------+--------+--------+-----+--------+
         Total |   3434 |   3075 |    359 |      0 |   2250 |   4 |  858.5 |
       Dungeon |   3434 |   3075 |    359 |      0 |   2250 |   4 |  858.5 |
               +--------+--------+--------+--------+--------+-----+--------+

Top non-repeatable levels by time:
     D:4: 1028 daAuts
     D:2: 921 daAuts
     D:1: 842 daAuts
     D:3: 643 daAuts
